 Dungeon Crawl Stone Soup version 0.29.0-4-gdea44cf6ec (webtiles) character file.

Game seed: 14944045762417729865

7821 mortz the Covert (level 11, -2/59 HPs)
             Began as a Deep Elf Conjurer on Aug 27, 2022.
             Was a Believer of Vehumet.
             Slain by a troll (9 damage)
             ... on level 10 of the Dungeon.
             The game lasted 00:52:30 (10976 turns).

mortz the Covert (Deep Elf Conjurer)               Turns: 10976, Time: 00:52:31

Health: -2/59      AC:  9    Str:  4    XL:     11   Next: 1%
Magic:  7/27       EV: 15    Int: 28    God:    Vehumet [**....]
Gold:   524        SH:  0    Dex: 19    Spells: 16/31 levels left

rFire   + + .      SeeInvis .   a - +2 dagger (holy)
rCold   . . .      Faith    .   (no shield)
rNeg    . . .      Spirit   .   L - +0 steam dragon scales
rPois   .          Reflect  .   (no helmet)
rElec   .          Harm     .   m - +2 cloak
rCorr   .          Rampage  .   (no gloves)
Will    +....                   i - +0 pair of boots
Stlth   +++++.....              S - amulet of the Empty Page {rF++ Regen+}
HPRegen 0.99/turn               n - +6 ring of dexterity
MPRegen 0.20/turn               (no ring)

@: no status effects
A: no striking features
a: Renounce Religion


You were on level 10 of the Dungeon.
You worshipped Vehumet.
Vehumet was pleased with you.
You visited 1 branch of the dungeon, and saw 10 of its levels.

You collected 524 gold pieces.

Inventory:

Hand Weapons
 a - a +2 dagger of holy wrath (weapon)
 y - a +1 vampiric short sword
 z - a +0 dagger of speed
 A - a +0 vorpal long sword
 C - a +2 whip of electrocution
 O - a +2 vorpal war axe
Missiles
 B - 2 throwing nets
Armour
 i - a +0 pair of boots (worn)
 m - a +2 cloak (worn)
 I - a +0 kite shield
 L - +0 steam dragon scales (worn)
 N - a +0 ring mail of willpower
 P - +0 swamp dragon scales
 V - a +0 robe of fire resistance
Magical Staves
 o - a staff of death
 r - a staff of fire
 D - a staff of air
Jewellery
 n - a +6 ring of dexterity (left hand)
 t - a ring of fire
 S - the amulet of the Empty Page (around neck) {rF++ Regen+}
   (You found it on level 8 of the Dungeon)

   [amulet of regeneration]

   rF:        It greatly protects you from fire.
   Regen:     It increases your rate of health regeneration.
Wands
 c - a wand of flame (9)
 K - a wand of iceblast (17)
Scrolls
 b - a scroll of poison
 d - 3 scrolls of butterflies
 e - a scroll of fear {unknown}
 f - a scroll of identify
 l - 5 scrolls of teleportation
 H - a scroll of immolation
 J - a scroll of amnesia
 Q - 2 scrolls of enchant weapon
 R - 2 scrolls of magic mapping
 T - a scroll of enchant armour {unknown}
Potions
 g - 3 potions of might
 h - 3 potions of brilliance
 p - a potion of ambrosia {unknown}
 q - 4 potions of mutation
 s - 2 potions of resistance {unknown}
 u - 4 potions of curing
 w - a potion of invisibility {unknown}
 x - a potion of attraction {unknown}
 E - a potion of flight {unknown}
 F - a potion of degeneration {unknown}
 U - a potion of berserk rage {unknown}


   Skills:
 + Level 2.6 Fighting
 + Level 1.5 Short Blades
 * Level 1.6 Armour
 + Level 5.3 Dodging
 + Level 11.4 Stealth
 + Level 1.5 Shields
 + Level 10.6 Spellcasting
 + Level 9.6 Conjurations
 + Level 7.8 Translocations


You had 16 spell levels left.
You knew the following spells:

 Your Spells              Type           Power      Damage    Failure   Level
a - Magic Dart            Conj           100%       1d8       1%          1
b - Searing Ray           Conj           100%       2d8       1%          2
c - Iskenderun's Mystic   Conj/Tloc      59%        2d12      1%          4
d - Passwall              Tmut/Erth      11%        N/A       6%          2
e - Foxfire               Conj/Fire      100%       2x1d9     1%          1
f - Iskenderun's Battles  Conj           62%        2d11      1%          5

Your spell library contained the following spells:

 Spells                   Type           Power      Damage    Failure   Level
 Frozen Ramparts          Ice            28%        1d5       12%         3
 Conjure Flame            Conj/Fire      41%        6-21      1%          3
 Dazzling Flash           Conj/Hex       82%        N/A       1%          3
 Gell's Gravitas          Tloc           55%        N/A       1%          3
 Lesser Beckoning         Tloc           55%        N/A       1%          3
 Stone Arrow              Conj/Erth      82%        3d12      1%          3
 Teleport Other           Tloc           55%        N/A       1%          3
 Sandblast                Erth           28%        2d8       3%          1
 Slow                     Hex            56%        N/A       3%          1
 Flame Wave               Conj/Fire      41%        2d11      5%          4
 Fulminant Prism          Conj/Hex       20%        3d13      5%          4
 Hailstorm                Conj/Ice       41%        3d10      5%          4
 Confusing Touch          Hex            14%        N/A       12%         3
 Inner Flame              Hex/Fire       14%        N/A       12%         3
 Vampiric Draining        Necr           14%        2d7       12%         3
 Fireball                 Conj/Fire      20%        3d10      14%         5
 Summon Forest            Summ/Tloc      18%        N/A       22%         5
 Ice Form                 Ice/Tmut       14%        N/A       36%         4
 Orb of Destruction       Conj           31%        9d10      52%         7
 Conjure Ball Lightning   Conj/Air       20%        3x3d6     63%         6
 Eringya's Noxious Bog    Tmut/Pois      7%         N/A       99%         6
 Simulacrum               Ice/Necr       7%         N/A       99%         6
 Summon Hydra             Summ           7%         N/A       100%        7


Dungeon Overview and Level Annotations

Branches:
Dungeon (10/15)            Temple (0/1) D:6            Lair (0/5) D:8
    Orc: D:9-12

Altars:
Ashenzari
Cheibriados
Dithmenos
Elyvilon
Fedhas
Hepliaklqana
Makhleb
Okawaru
Sif Muna
Uskayaw
Vehumet
Yredelemnul
The Shining One
Jiyva

Shops:
D:1 (

Annotations:
D:6 1 runed translucent door
D:9 1 runed translucent door


Message History

You are no longer corroded.
The troll attacks as you move away! The troll misses you. The troll claws you.
The troll claws you!
The orc priest hits your battlesphere with a +0 club.
The troll attacks as you move away! The troll bites you!
* * * LOW HITPOINT WARNING * * *
The troll claws you.
* * * LOW HITPOINT WARNING * * *
The troll completely misses you.
The howler monkey hoots and howls with incredible vigour!
You hear a shout!
You hear a bellow!
Casting: Iskenderun's Mystic Blast (dangerous; 1% risk of failure)
Confirm with . or Enter, or press ? or * to list all spells.
You erupt in a blast of force!
The mystic blast hits the troll!
The troll is moderately wounded.
The mystic blast hits the troll!
The troll is moderately wounded.
The troll is knocked back by the mystic blast.
The troll collides with the troll!
The troll is moderately wounded.
The troll is heavily wounded.
Your battlesphere fires!
The barrage of energy hits the howler monkey!!
You kill the howler monkey!
Vehumet accepts your kill.
You feel your power returning. The troll closely misses you.
The troll claws you!
* * * LOW HITPOINT WARNING * * *
The troll closely misses you.
Casting: Iskenderun's Mystic Blast (dangerous; 1% risk of failure)
Confirm with . or Enter, or press ? or * to list all spells.
You erupt in a blast of force!
The mystic blast hits the troll!!
The troll is almost dead.
The mystic blast hits the troll!!
The troll is almost dead.
Your battlesphere fires!
The barrage of energy hits the troll!
The troll is lightly wounded.
The troll bites you!
You die...

........##..#'# #.......
.........####..# #..[....
.#######T..# ...# ##....... .#
#.T.# .(+ ####........ .# #...##
.## #........... .# +...o######
##........... .#
#.........####............ .#
#..[.*.................... .#
#.......T@................ .#
#.......T.................
.####+##.........................
...........................######
#'####...>..######.........#
#....#....#'#....#.........#
#....#....#......#.........#.....
#....#..###......#.........#.....
#....#..#........#...#####.#.....


You could see 3 trolls, an orc priest and a friendly battlesphere.

Vanquished Creatures
  Joseph (D:7)
  Maggie (D:7)
  An unseen horror (D:10)
  A kobold demonologist (D:10)
  2 trolls
  Prince Ribbit (D:7)
  6 slime creatures (D:8)
  A shadow (D:10)
  4 yaks (D:10)
  2 wyverns (D:9)
  A steam dragon (D:7)
  Grum (D:8)
  An acid dragon (D:10)
  2 water moccasins
  4 orc warriors
  2 sky beasts
  An ogre (D:5)
  2 ice beasts (D:6)
  3 centaurs
  3 wolves (D:8)
  A gnoll sergeant (D:8)
  4 bullfrogs
  A necrophage (D:5)
  3 scorpions
  11 killer bees
  8 howler monkeys
  A human zombie (D:6)
  A lava snake (D:8)
  4 hounds
  An orc priest (D:4)
  3 jellies
  A gnoll bouda (D:6)
  3 iguanas
  3 orc wizards
  12 gnolls
  4 adders
  An ufetubus (D:5)
  4 worms
  3 dart slugs
  20 orcs
  3 ball pythons
  5 bats (D:1)
  8 endoplasms
  A giant cockroach (D:1)
  8 hobgoblins
  2 jackals (D:2)
  6 quokkas
  6 frilled lizards
  9 goblins
  4 kobolds
  A rat (D:2)
182 creatures vanquished.

Vanquished Creatures (others)
  2 foxfires (D:6)
  3 fungi (D:8)
  14 plants
  12 withered plants (D:3)
31 creatures vanquished.

Grand Total: 213 creatures vanquished

Notes
Turn   | Place    | Note
-------+----------+-------------------------------------------
     0 | D:1      | mortz the Deep Elf Conjurer began the quest for the Orb.
     0 | D:1      | Reached XP level 1. HP: 10/10 MP: 6/6
   364 | D:1      | Reached XP level 2. HP: 15/15 MP: 1/8
   367 | D:1      | Learned a level 2 spell: Searing Ray
   711 | D:1      | Reached skill level 5 in Conjurations
  1091 | D:1      | Found Innuadgh's Antique Weapon Shop.
  1161 | D:1      | Reached XP level 3. HP: 19/19 MP: 9/9
  1646 | D:2      | Reached skill level 3 in Stealth
  2361 | D:3      | Reached XP level 4. HP: 24/24 MP: 9/11
  2366 | D:3      | Learned a level 4 spell: Iskenderun's Mystic Blast
  2410 | D:3      | Found a faded altar of an unknown god.
  2568 | D:3      | Reached skill level 1 in Translocations
  2582 | D:3      | Found a radiant altar of Vehumet.
  2590 | D:3      | Became a worshipper of Vehumet
  3072 | D:4      | Reached XP level 5. HP: 13/28 MP: 2/12
  3281 | D:4      | Found a shadowy altar of Dithmenos.
  3348 | D:4      | Reached skill level 4 in Stealth
  3579 | D:4      | Learned a level 2 spell: Passwall
  3906 | D:5      | Entered Level 5 of the Dungeon
  3931 | D:5      | Found an iron altar of Okawaru.
  4157 | D:5      | Reached skill level 5 in Stealth
  4157 | D:5      | Reached XP level 6. HP: 32/32 MP: 10/14
  4528 | D:5      | Reached * piety under Vehumet
  4528 | D:5      | Offered knowledge of Foxfire by Vehumet.
  4532 | D:5      | Learned a level 1 spell: Foxfire
  4617 | D:5      | Reached skill level 1 in Fighting
  4617 | D:5      | Reached skill level 6 in Stealth
  4691 | D:5      | Reached XP level 7. HP: 34/38 MP: 7/15
  5361 | D:6      | Reached skill level 5 in Spellcasting
  5512 | D:6      | Found a runed translucent door.
  5512 | D:6      | Noticed a human
  5518 | D:6      | Found a basalt altar of Yredelemnul.
  5525 | D:6      | Reached skill level 7 in Stealth
  5775 | D:6      | Found a staircase to the Ecumenical Temple.
  5792 | D:6      | Reached XP level 8. HP: 43/43 MP: 13/18
  6278 | D:6      | You fall into a shaft and drop 3 floors!
  6286 | D:8      | Reached skill level 8 in Stealth
  6298 | D:8      | Reached skill level 5 in Translocations
  7245 | D:6      | Found a snail-covered altar of Cheibriados.
  7431 | D:7      | Found a blossoming altar of Fedhas.
  7438 | D:7      | Reached XP level 9. HP: 43/48 MP: 15/21
  7446 | D:7      | Noticed Prince Ribbit
  7453 | D:7      | Killed Prince Ribbit
  7463 | D:7      | Noticed Joseph
  7820 | D:7      | Reached skill level 9 in Stealth
  8008 | D:7      | Killed Joseph
  8009 | D:7      | Reached skill level 1 in Shields
  8233 | D:7      | Noticed Maggie
  8234 | D:7      | Found a hazy altar of Hepliaklqana.
  8247 | D:7      | Killed Maggie
  8248 | D:7      | Reached skill level 5 in Dodging
  8445 | D:7      | Learned a level 5 spell: Iskenderun's Battlesphere
  8461 | D:8      | Found a viscous altar of Jiyva.
  8557 | D:8      | Found a broken altar of Ashenzari.
  8633 | D:8      | Reached skill level 10 in Stealth
  8715 | D:8      | Found a transporter.
  8715 | D:8      | Found a transporter.
  8728 | D:8      | Found a hide-covered altar of Uskayaw.
  8739 | D:8      | Found a staircase to the Lair.
  8772 | D:8      | Offered knowledge of Shock by Vehumet.
  8776 | D:8      | Reached ** piety under Vehumet
  9002 | D:8      | Found a glowing golden altar of the Shining One.
  9005 | D:8      | Found a white marble altar of Elyvilon.
  9219 | D:8      | Noticed Grum
  9227 | D:8      | Reached skill level 1 in Short Blades
  9227 | D:8      | Reached XP level 10. HP: 52/54 MP: 19/24
  9231 | D:8      | Killed Grum
  9388 | D:8      | Identified the amulet of the Empty Page {rF++ Regen+}
  9583 | D:9      | Found a runed translucent door.
  9584 | D:9      | Found a burning altar of Makhleb.
  9584 | D:9      | Noticed a sixfirhy
  9702 | D:9      | Found a shimmering blue altar of Sif Muna.
  9967 | D:9      | Reached skill level 11 in Stealth
 10322 | D:10     | Entered Level 10 of the Dungeon
 10442 | D:10     | Reached skill level 1 in Armour
 10442 | D:10     | Reached skill level 10 in Spellcasting
 10604 | D:10     | Offered knowledge of Frozen Ramparts by Vehumet.
 10954 | D:10     | Noticed a rust devil
 10960 | D:10     | Reached XP level 11. HP: 59/59 MP: 11/27
 10976 | D:10     | Slain by a troll

Illustrated notes

Levels and vault maps discovered:
D:1:      psy_arrival_spokes, layout_loops_corners, serial_shops,
          nicolae_shop_stone, minmay_misc_feat_enclosed,
          minmay_misc_feat_pillars
D:2:      layout_basic
D:3:      layout_basic, mainiacjoe_overflow_paths,
          shapermc_ecumenical_altar_flowoftime
D:4:      layout_cave_pools, grunt_dithmenos_smoke
D:5:      layout_cave_pods, kennysheep_okawaru_gauntlet
D:6:      layout_loops_ring, dk_yredelemnul_ordeal, kennysheep_slug_shrine,
          minmay_temple_entry_stoned_glass
D:7:      layout_loops_corners, mainiacjoe_overflow_tiny_flanked,
          fedhas_bush_and_centaur_altar, corexii_checkpoint_a, uniq_maggie,
          uniq_joseph, uniq_prince_ribbit1
D:8:      gammafunk_jiyva_shrine, layout_basic, nicolae_ashenzari_skybound,
          nicolae_uskayaw_suspiria, chequers_temple_overflow_statue_of_worship,
          dpeg_oklobed_lair, uniq_grum
D:9:      layout_loops_ring, mainiacjoe_overflow_small_starburst,
          nzn_makhleb_speed_demon
D:10:     minmay_bubble_buster, layout_irregular_city,
          mainiacjoe_overflow_alcove_1

Skill      XL: |  1  2  3  4  5  6  7  8  9 10 |
---------------+-------------------------------+-----
Conjurations   | 5 6 7 8 9 |  9.6
Stealth        | 3 5 6 7 8 10 11 | 11.4
Translocations | 1 2 3 4 5 6 7 |  7.8
Spellcasting   | 4 5 6 8 10 | 10.6
Dodging        | 3 4 5 |  5.3
Fighting       | 1 2 |  2.6
Shields        | 1 |  1.5
Short Blades   | 1 |  1.5
Armour         | 1 |  1.6

Action                   |  1- 3 |  4- 6 |  7- 9 | 10-12 || total
-------------------------+-------+-------+-------+-------++-------
Melee: Dagger            |     9 |     7 |    19 |     4 ||    39
 Cast: Magic Dart        |    24 |    36 |    55 |     9 ||   124
       Searing Ray       |    17 |    29 |    37 |     4 ||    87
       Foxfire           |       |       |     1 |       ||     1
       Iskenderun's Myst |       |       |    17 |    25 ||    42
       Iskenderun's Batt |       |       |       |     8 ||     8
  Use: Scroll            |     7 |       |     2 |     6 ||    15
       Potion            |       |       |     2 |       ||     2
 Stab: Sleeping          |     9 |     5 |    14 |     4 ||    32
Armor: Robe              |     4 |     6 |    19 |       ||    29
       Steam dragon scal |       |       |     5 |     6 ||    11
Dodge: Dodged            |     8 |    30 |    57 |     9 ||   104
Block: Other             |       |       |    21 |       ||    21
       Reflection        |       |       |     2 |       ||     2
